 Dungeon Crawl Stone Soup version 0.28-a0-1159-g27aa881441 (webtiles) character file.

Game seed: 2779936055353861801

4 fragbeetle the Insei (level 1, -3/15 HPs)
             Began as a Merfolk Transmuter on Dec 16, 2021.
             Slain by a gnoll (8 damage)
             ... on level 1 of the Dungeon.
             The game lasted 00:00:42 (154 turns).

fragbeetle the Insei (Merfolk Transmuter)            Turns: 154, Time: 00:00:42

Health: -3/15      AC:  2    Str: 10    XL:     1   Next: 60%
Magic:  2/3        EV: 12    Int: 12    God:
Gold:   0          SH:  0    Dex: 14    Spells: 3/4 levels left

rFire   . . .      SeeInvis .     - Unarmed
rCold   . . .      Faith    .   (no shield)
rNeg    . . .      Spirit   .   a - +0 robe
rPois   .          Reflect  .   (helmet currently unavailable)
rElec   .          Harm     .   (no cloak)
rCorr   .          Rampage  .   (no gloves)
Will    .....                   (boots currently unavailable)
Stlth   +.........              (no amulet)
HPRegen 0.05/turn               (no ring)
MPRegen 0.08/turn               (no ring)

@: appendages
A: horns 2, (nimble swimmer 2), mertail
a: End Transformation


You were on level 1 of the Dungeon.
You had temporarily grown beastly horns.
You visited 1 branch of the dungeon, and saw 1 of its levels.

Inventory:

Armour
 a - a +0 robe (worn)
Potions
 b - a potion of curing {unknown}


   Skills:
 - Level 1.1 Fighting
 - Level 2.6 Dodging
 + Level 3.4 Unarmed Combat
 - Level 2.0 Spellcasting
 + Level 3.0 Transmutations


You had 3 spell levels left.
You knew the following spells:

 Your Spells              Type           Power      Damage    Failure   Level
a - Beastly Appendage     Tmut           16%        N/A       8%          1

Your spell library contained the following spells:

 Spells                   Type           Power      Damage    Failure   Level
 Wereblood                Tmut           8%         N/A       12%         2
 Spider Form              Tmut/Pois      4%         N/A       41%         3
 Ice Form                 Ice/Tmut       4%         N/A       82%         4


Dungeon Overview and Level Annotations

Branches:
Dungeon (1/15)

Altars:

Shops:
D:1 =


Innate Abilities, Weirdness & Mutations

You have temporarily grown beastly horns.
((You are quick and stealthy near water. (Stealth+, EV+, Speed+++)))
Your lower body shifts to a powerful aquatic tail in water.


Message History

The goblin shouts!
You punch the goblin!
You kill the goblin!
Things that are here:
a +0 dagger; a goblin corpse You grow a pair of large bovine horns.
Your transformation is almost over.
Your horns disappear.
A bat comes into view.
Found a kite shield.
The bat barely misses you.
You hit the bat.
You kill the bat!
Your Transmutations skill increases to level 3!
You see here a +0 kite shield.
You open the door.
A gnoll comes into view. It is wielding a +0 flail.
Found 13 gold pieces.
There is an open door here.
You grow a pair of large bovine horns.
The gnoll shouts!
The gnoll hits you with a +0 flail!
Ouch! That really hurt!
You hit the gnoll.
The gnoll is moderately wounded.
The gnoll closely misses you.
You closely miss the gnoll. Your headbutt misses the gnoll.
The gnoll is moderately wounded.
The gnoll closely misses you.
You closely miss the gnoll.
The gnoll is moderately wounded.
The gnoll hits you with a +0 flail!
Ouch! That really hurt!
You die...

######.#..##
####..####...♣...#
#........#..♣.♣..#
#........#.♣...♣.#
#....$....♣..∩†.♣##
#..........♣...♣†.#
#........#.[♣.♣...#
#...g....#...♣.†..#
#...@....+..#.#.#.#
#........####.#..>#
#........# #.#.....
####'#####
#.#.).##. #.#
#)#...# #.# #.#....
#.# #.#...## #.#
#.#.#
#.########.#.#


You could see a gnoll.

Vanquished Creatures
  A goblin (D:1)
  2 bats (D:1)
  2 rats (D:1)
5 creatures vanquished.

Notes
Turn   | Place    | Note
-------+----------+-------------------------------------------
     0 | D:1      | fragbeetle the Merfolk Transmuter began the quest for the
                  | Orb.
     0 | D:1      | Reached XP level 1. HP: 15/15 MP: 3/3
    51 | D:1      | Found Obbiluag's Jewellery Shop.
   154 | D:1      | Slain by a gnoll

Illustrated notes

Levels and vault maps discovered:
D:1:      dpeg_arrival_three_same_balls, layout_basic,
          dilly_ecumenical_altar_fadedgnrine, serial_shops, nicolae_diamond_shop

Skill      XL: |  1 |
---------------+----+-----
Transmutations | 3 |  3.0
Fighting       | |  1.1
Dodging        | |  2.6
Unarmed Combat | |  3.4
Spellcasting   | |  2.0

Action                   || total
-------------------------++-------
Melee: Unarmed           ||     9
       Headbutt          ||     2
 Cast: Beastly Appendage ||     4
Armor: Robe              ||     2
Dodge: Dodged            ||     6

Table legend: (Time is in decaauts)
 A = Elapsed time spent in this place.
 B = Non-inter-level travel time spent in this place.
 C = Inter-level travel time spent in this place.
 D = Time resting spent in this place.
 E = Time spent auto-exploring this place.
 F = Levels seen in this place.
 G = Mean time per level.
                   A        B        C        D        E       F      G
               +--------+--------+--------+--------+--------+-----+--------+
         Total |    153 |    153 |      0 |      0 |    110 |   1 |  153.0 |
       Dungeon |    153 |    153 |      0 |      0 |    110 |   1 |  153.0 |
               +--------+--------+--------+--------+--------+-----+--------+

Top non-repeatable levels by time:
     D:1: 153 daAuts
